 Dungeon Crawl Stone Soup version 0.23.1 (webtiles) character file.

Game seed: 14627866430065291141

590 ref2 the Basher (level 7, -1/60 HPs)
             Began as a Minotaur Berserker on Mar 18, 2019.
             Was an Elder of Trog.
             Succumbed to Duvessa's poison
             ... on level 4 of the Dungeon.
             The game lasted 00:07:52 (4484 turns).

ref2 the Basher (Minotaur Berserker)                Turns: 4484, Time: 00:07:52

Health: -1/60      AC: 10    Str: 23    XL:     7   Next: 16%
Magic:  6/6        EV: 16    Int:  4    God:    Trog [****..]
Gold:   183        SH:  0    Dex: 15    Spells: 6/6 levels left

rFire    + . .     SeeInvis .   k - +0 hand axe (curse)
rCold    . . .     Gourm    .   (no shield)
rNeg     . . .     Faith    +   j - +0 scale mail
rPois    .         Spirit   .   (helmet restricted)
rElec    .         Reflect  .   (no cloak)
rCorr    .         Harm     .   (no gloves)
MR       .....                  (no boots)
Stlth    ..........             t - amulet of faith
HPRegen  0.20/turn              n - ring of protection from fire
MPRegen  0.10/turn              o - +4 ring of protection

@: confused, agile, lethally poisoned (-1 -> -72), berserk cooldown, slowed,
very slow
A: retaliatory headbutt, horns 2
a: Berserk, Trog's Hand, Brothers in Arms, Renounce Religion


You were on level 4 of the Dungeon.
You worshipped Trog.
Trog was greatly pleased with you.
You were not hungry.

You visited 1 branch of the dungeon, and saw 5 of its levels.

You collected 183 gold pieces.

Inventory:

Hand Weapons
 a - a +0 mace
 k - a cursed +0 hand axe (weapon)
 r - a +0 flail
 y - a +2 falchion of protection
Missiles
 g - 8 tomahawks (quivered)
Armour
 d - a +0 ring mail
 j - a +0 scale mail (worn)
 w - a +0 buckler
Jewellery
 f - an uncursed ring of stealth
 n - a ring of protection from fire (left hand)
 o - a +4 ring of protection (right hand)
 t - an amulet of faith (around neck)
Scrolls
 e - 2 scrolls of identify {unknown}
 m - 3 scrolls of remove curse {unknown}
 p - 2 scrolls of enchant weapon {unknown}
 q - a scroll of noise {unknown}
 s - a scroll of enchant armour {unknown}
Potions
 b - a potion of ambrosia
 i - a potion of cancellation {unknown}
 l - a potion of might {unknown}
 u - a potion of magic {unknown}
 v - a potion of curing {unknown}
 x - a potion of heal wounds {unknown}
 A - a potion of lignification {unknown}
Comestibles
 c - 8 rations


   Skills:
 + Level 4.7 Fighting
 - Level 8.3 Maces & Flails
 - Level 3.4 Throwing
 - Level 2.4 Armour
 - Level 2.1 Dodging


You had 6 spell levels left.
You didn't know any spells.
Your spell library was empty.

Dungeon Overview and Level Annotations

Branches:
Dungeon (5/15)             Temple (0/1) D:4

Altars:
Ashenzari
Cheibriados
Elyvilon
Fedhas
Kikubaaqudgha
Ru
Vehumet
The Shining One

Annotations:
D:4 Duvessa


Innate Abilities, Weirdness & Mutations

You reflexively headbutt those who attack you in melee.
You have a pair of horns on your head.


Message History

The orc priest begins to cast a cantrip, but forgets the words!
Duvessa hits you with a +2 short sword of venom!
* * * LOW HITPOINT WARNING * * *
You are more poisoned.
The orc priest calls down the wrath of Beogh upon you.
Pain shoots through your body!
* * * LOW HITPOINT WARNING * * *
It was a potion of ambrosia.
You are confused.
You feel invigorated.
* * * LOW HITPOINT WARNING * * *
You feel extremely sick.
Duvessa hits you with a +2 short sword of venom.
* * * LOW HITPOINT WARNING * * *
You are more poisoned.
The orc priest looks encouraged for a moment.
Duvessa hits you but does no damage.
It was a potion of agility.
You feel agile all of a sudden.
You die...

...⌠....#
........#
..#.....# .
#.....#######
#####.......#
#....#.....#
#....#.....#
#....#..)e.#
#......o@>.#
######.######
#......#
#.....o#
#....o.#
#...o..#
#...o..#
..eo...##
.......


You could see Duvessa (berserk) and an orc priest.

Vanquished Creatures
  An ogre (D:4)
  A scorpion (D:4)
  Dowan (D:4)
  2 orc priests
  4 orc wizards
  2 worker ants (D:4)
  10 adders
  3 oozes
  4 worms
  3 dart slugs
  2 leopard geckos
  6 orcs
  6 giant cockroaches
  8 goblins
  6 hobgoblins
  2 jackals (D:4)
  8 kobolds
  2 quokkas
  4 bats
  5 frilled lizards
  9 rats
89 creatures vanquished.

Notes
Turn   | Place    | Note
-------+----------+-------------------------------------------
     0 | D:1      | ref2 the Minotaur Berserker began the quest for the Orb.
     0 | D:1      | Reached XP level 1. HP: 19/19 MP: 0/0
    60 | D:1      | Reached skill level 4 in Maces & Flails
   313 | D:1      | Reached XP level 2. HP: 26/26 MP: 1/1
   908 | D:2      | Reached skill level 5 in Maces & Flails
   912 | D:2      | Found a sacrificial altar of Ru.
   950 | D:2      | Reached XP level 3. HP: 29/31 MP: 2/2
  1232 | D:2      | Reached ** piety under Trog
  1324 | D:2      | You fall through a shaft for 2 floors!
  1690 | D:2      | Found a shattered altar of Ashenzari.
  1693 | D:2      | Found a glowing golden altar of the Shining One.
  1704 | D:2      | Found a radiant altar of Vehumet.
  1707 | D:2      | Found a snail-covered altar of Cheibriados.
  1969 | D:2      | Found an ancient bone altar of Kikubaaqudgha.
  1969 | D:2      | Found a blossoming altar of Fedhas.
  2207 | D:2      | Found a white marble altar of Elyvilon.
  2295 | D:3      | Reached skill level 6 in Maces & Flails
  2295 | D:3      | Reached XP level 4. HP: 39/39 MP: 3/3
  2603 | D:3      | Reached XP level 5. HP: 45/45 MP: 4/4
  2645 | D:3      | Reached skill level 7 in Maces & Flails
  2676 | D:3      | Reached *** piety under Trog
  2968 | D:4      | Reached skill level 8 in Maces & Flails
  2969 | D:4      | Reached XP level 6. HP: 37/51 MP: 5/5
  3556 | D:4      | Found a staircase to the Ecumenical Temple.
  3578 | D:4      | Noticed Duvessa
  3592 | D:5      | Entered Level 5 of the Dungeon
  4200 | D:4      | Noticed Dowan
  4208 | D:5      | Reached XP level 7. HP: 27/59 MP: 6/6
  4481 | D:4      | Killed Dowan
  4481 | D:4      | Reached **** piety under Trog
  4483 | D:4      | HP: 3/60 [Duvessa/+2 short sword of venom (2)]
  4484 | D:4      | Succumbed to Duvessa's poison

Skill      XL: |  1  2  3  4  5  6 |
---------------+-------------------+-----
Maces & Flails | 4 5 6 8 |  8.3
Throwing       | 3 |  3.4
Fighting       | 4 |  4.7
Armour         | |  2.4
Dodging        | |  2.1

Action                   |  1- 3 |  4- 6 |  7- 9 || total
-------------------------+-------+-------+-------++-------
Melee: Mace              |    32 |       |       ||    32
       Headbutt          |    13 |    25 |     2 ||    40
       Hand axe          |    42 |   123 |     6 ||   171
Invok: Berserk           |       |     2 |     1 ||     3
  Use: Potion            |       |       |     2 ||     2
  Eat: Chunk             |     4 |     7 |       ||    11
       Ration            |       |       |     1 ||     1
Armor: Ring mail         |    13 |       |       ||    13
       Scale mail        |    26 |    85 |    11 ||   122
Dodge: Dodged            |    60 |    84 |     5 ||   149
